 Dungeon Crawl Stone Soup version 0.30-a0-782-ge64f9170bb (webtiles) character file.

Game seed: 11407985705643987110

570 AppleFox63 the Cleaver (level 7, -11/61 (66) HPs)
             Began as a Hill Orc Monk on Mar 9, 2023.
             Was a Follower of Okawaru.
             Mangled by Edmund the yak (shapeshifter) (12 damage)
             ... on level 4 of the Dungeon on Mar 12, 2023.
             The game lasted 00:10:57 (4733 turns).

AppleFox63 the Cleaver (Hill Orc Monk)              Turns: 4733, Time: 00:10:57

HP:   -11/61 (66)   AC: 11    Str: 16    XL:     7   Next: 34%
MP:   8/8           EV:  7    Int: 10    God:    Okawaru [*.....]
Gold: 215           SH:  0    Dex: 13    Spells: 6/6 levels left

rFire   . . .      SeeInvis .    w - +2 dagger (chaos)
rCold   . . .      Faith    .    (no shield)
rNeg    . . .      Spirit   .    p - +1 chain mail
rPois   .          Reflect  .    (no helmet)
rElec   .          Harm     .    t - +0 cloak
rCorr   .          Rampage  .    j - +0 pair of gloves
Will    .....                    (no boots) Stlth
                                 (no amulet)
HPRegen 0.30/turn                (no ring)
MPRegen 0.11/turn                (no ring)

@: drained
A: no striking features
a: Renounce Religion, Heroism


You were on level 4 of the Dungeon.
You worshipped Okawaru.
Okawaru was aware of your devotion.
You visited 1 branch of the dungeon, and saw 4 of its levels.

You collected 215 gold pieces.

Inventory:

Hand Weapons
 w - a +2 dagger of chaos (weapon)
Armour
 j - a +0 pair of gloves (worn)
 p - a +1 chain mail (worn)
 t - a +0 cloak (worn)
Jewellery
 b - an amulet of the acrobat
 n - a ring of wizardry
Wands
 d - a wand of mindburst (5)
Scrolls
 o - a scroll of noise {unknown}
 s - a scroll of fear {unknown}
 u - a scroll of poison {unknown}
Potions
 e - a potion of heal wounds {unknown}
 g - a potion of resistance
 h - a potion of curing
 i - 3 potions of mutation
 k - a potion of flight {unknown}
 l - a potion of invisibility {unknown}
 q - a potion of lignification {unknown}


   Skills:
 + Level 7.2 Fighting
 - Level 8.0 Axes
 + Level 0.9 Armour
 - Level 2.4 Dodging
 - Level 1.5 Stealth
 + Level 1.3 Invocations


You had 6 spell levels left.
You didn't know any spells.
Your spell library contained the following spells:

 Spells                   Type           Power      Damage    Failure   Level
 Sublimation of Blood     Necr           0%         N/A       100%        2
 Wereblood                Tmut           0%         N/A       100%        2
 Inner Flame              Hex/Fire       0%         N/A       100%        3
 Anguish                  Hex/Necr       0%         N/A       100%        4
 Cause Fear               Hex            0%         N/A       100%        4
 Borgnjor's Vile Clutch   Necr/Erth      0%         N/A       100%        5
 Enfeeble                 Hex            0%         N/A       100%        7
 Discord                  Hex            0%         N/A       100%        8
 Animate Dead             Necr           Unusable   N/A       N/A         4
 Death Channel            Necr           Unusable   N/A       N/A         6
 Summon Hydra             Summ           Unusable   N/A       N/A         7

Dungeon Overview and Level Annotations

Branches:
Dungeon (4/15)
 Temple: D:4-7

Altars:
Elyvilon
Okawaru
Sif Muna
Trog
Xom

Annotations:
D:4 Edmund


Message History

There is a stone staircase leading up here.
(D) Dungeon
Where to? (Enter - D:4 @ (x,y), ? - help) Edmund the Younger comes into view.
Edmund barks!
Edmund bursts into living lightning!
The living lightning hits you!
Edmund blinks! x2
You hit Edmund but do no damage.
Edmund bursts into living lightning!
The living lightning hits you!
Edmund blinks!
You are too injured to fight recklessly!
Edmund stops to sniff the ground.
Edmund pauses to sniff the ground.
Edmund bursts into living lightning!
The living lightning hits you.
Edmund blinks!
Edmund bites you. Edmund shocks you!
* * * LOW HITPOINT WARNING * * *
As you read the scroll labelled LEBEUM KOGUKK, it crumbles to dust.
You feel aware of your surroundings.
It was a scroll of magic mapping.
Edmund the raiju changes into a yak!
As you read the scroll labelled GUOZEA IJ XUG, it crumbles to dust.
It is a scroll of enchant armour.
Your +0 chain mail glows green for a moment.
Edmund gores you but does no damage.
You barely miss Edmund. Edmund barely misses you.
You hit Edmund.
Edmund goes berserk!
Edmund is lightly wounded.
Edmund gores you but does no damage.
You closely miss Edmund.
Edmund is lightly wounded.
Edmund gores you but does no damage. Edmund gores you.
* * * LOW HITPOINT WARNING * * *
You hit Edmund. You burn Edmund.
Edmund is moderately wounded.
Edmund gores you!
* * * LOW HITPOINT WARNING * * *
This is a scroll of acquirement!
You see here a manual of Fighting.
Something appears at your feet! Edmund gores you!
You die...

#.......#....## #.#****##.
#....h..####..# #.### **#.
#####+### *#.#####.#.###,.? #.#
###...........#,.. ####
#.#####...≈≈≈≈≈≈≈≈≈.#,.( ...#
#.......#.≈.......≈.#,,,
##.#######.........≈.≈§≈≈..≈.#,,,
##........)......#.≈.≈...§.≈.#,,,
..########......@#...≈._.≈§≈.#,,,
.................Y.≈)§...≈.§.#,.,
..#########...####.≈.≈≈≈≈≈.≈.#,.,
..# ##### #.≈.......≈.#.#, ..#
#.≈≈≈≈≈≈≈≈≈.#.#, ..#
##########...........#.#, ..#
#.......)......###.....#,
..#######.############.# #.#...#,
.......................# #.#.#...


You could see Edmund the yak shaped shifter (berserk).

Vanquished Creatures
  Sigmund (D:2)
  2 crimson imps (D:4)
  Crazy Yiuf (D:3)
  4 orc priests
  Robin (D:2)
  6 adders
  3 gnolls (D:4)
  A dart slug (D:1)
  5 orcs
  A bat (D:1)
  8 endoplasms
  9 giant cockroaches
  9 goblins
  11 hobgoblins
  8 jackals
  4 quokkas
  7 ball pythons
  5 frilled lizards
  6 kobolds
  6 rats
98 creatures vanquished.

Notes
Turn   | Place    | Note
-------+----------+-------------------------------------------
     0 | D:1      | AppleFox63 the Hill Orc Monk began the quest for the Orb.
     0 | D:1      | Reached XP level 1. HP: 19/19 MP: 1/1
   169 | D:1      | Reached XP level 2. HP: 21/27 MP: 2/2
   598 | D:1      | Reached XP level 3. HP: 30/34 MP: 3/3
   885 | D:2      | Reached skill level 5 in Axes
   969 | D:2      | Found a bloodstained altar of Trog.
  1061 | D:2      | Reached XP level 4. HP: 36/41 MP: 4/4
  1084 | D:2      | Found a faded altar of an unknown god.
  1266 | D:2      | Noticed Robin
  1290 | D:2      | Reached skill level 5 in Fighting
  1315 | D:2      | Killed Robin
  1908 | D:2      | Noticed Sigmund
  1929 | D:2      | Killed Sigmund
  1930 | D:2      | Reached skill level 6 in Axes
  1930 | D:2      | Reached XP level 5. HP: 30/50 MP: 5/5
  1930 | D:2      | Reached XP level 6. HP: 35/57 MP: 6/6
  2217 | D:2      | Identified the +6 dagger "Ciosyat" {elec, rN+}
  2493 | D:3      | Reached skill level 7 in Axes
  2632 | D:3      | Found a white marble altar of Elyvilon.
  2822 | D:3      | Found a shimmering blue altar of Sif Muna.
  3150 | D:3      | Found a runed translucent door.
  3151 | D:3      | Noticed Crazy Yiuf
  3429 | D:3      | Killed Crazy Yiuf
  3538 | D:4      | Found an iron altar of Okawaru.
  3919 | D:4      | Reached XP level 7. HP: 50/66 MP: 7/7
  4126 | D:4      | Became a worshipper of Warmaster Okawaru
  4126 | D:4      | Reached * piety under Okawaru
  4126 | D:4      | Reached ** piety under Okawaru
  4372 | D:4      | Found a shimmering altar of Xom.
  4382 | D:4      | Reached skill level 8 in Axes
  4382 | D:4      | Reached skill level 1 in Invocations
  4478 | D:4      | Noticed Edmund
  4493 | D:4      | Edmund changed into Edmund the shapeshifter
  4493 | D:4      | Noticed Edmund (shapeshifter)
  4493 | D:4      | Edmund the shapeshifter changed into Edmund the troll
  4493 | D:4      | Noticed Edmund (shapeshifter)
  4501 | D:4      | Edmund the troll changed into Edmund the shapeshifter
  4501 | D:4      | Noticed Edmund (shapeshifter)
  4502 | D:4      | Edmund the shapeshifter changed into Edmund the troll
  4502 | D:4      | Noticed Edmund (shapeshifter)
  4516 | D:4      | Edmund the troll changed into Edmund the sky beast
  4652 | D:4      | Noticed Edmund
  4653 | D:4      | Edmund the raiju changed into Edmund the polar bear
  4653 | D:4      | Noticed Edmund (shapeshifter)
  4715 | D:4      | Noticed Edmund
  4727 | D:4      | Edmund the raiju changed into Edmund the yak
  4727 | D:4      | Noticed Edmund (shapeshifter)
  4732 | D:4      | HP: 1/61 [Edmund the yak (shapeshifter) (16)]
  4733 | D:4      | Identified a scroll of acquirement
  4733 | D:4      | Acquired a manual of Fighting
  4733 | D:4      | Mangled by Edmund the yak (shapeshifter)

Illustrated notes

Levels and vault maps discovered:
D:1:      zelgadis_glass_arrival_small, layout_loops_ring
D:2:      layout_loops_corners, basic_altar,
          hellmonk_ecumenical_altar_pennies_from_heaven, uniq_robin,
          uniq_sigmund
D:3:      layout_basic, mainiacjoe_overflow_small_starburst, elyvilon_altar_3,
          kennysheep_generic_room_6, uniq_crazy_yiuf_cottage
D:4:      layout_basic, led_xom_imps, mainiacjoe_overflow_concentric_impassable,
          uniq_natasha, uniq_edmund

Skill      XL: |  1  2  3  4  5  6  7 |
---------------+----------------------+-----
Fighting       | 4 6 7 |  7.2
Axes           | 5 6 7 8 |  8.0
Invocations    | 1 |  1.3
Armour         | |  0.9
Dodging        | |  2.4
Stealth        | |  1.5

Action                     |  1- 3 |  4- 6 |  7- 9 || total
---------------------------+-------+-------+-------++-------
  Melee: Whip              |    75 |   138 |    52 ||   265
         Hand axe          |    10 |       |       ||    10
         Punch             |       |     3 |       ||     3
         Dagger            |       |       |    25 ||    25
  Throw: Dart              |       |       |     3 ||     3
 Invoke: Heroism           |       |       |     1 ||     1
    Use: Potion            |       |     1 |     1 ||     2
         Scroll            |       |     2 |     5 ||     7
   Stab: Sleeping          |     5 |     3 |       ||     8
 Armour: Robe              |    13 |    24 |       ||    37
         Chain mail        |       |    22 |    41 ||    63
         Ring mail         |       |     1 |       ||     1
  Dodge: Dodged            |    34 |    59 |    23 ||   116

Table legend: (Time is in decaauts)
 A = Elapsed time spent in this place.
 B = Non-inter-level travel time spent in this place.
 C = Inter-level travel time spent in this place.
 D = Time resting spent in this place.
 E = Time spent auto-exploring this place.
 F = Levels seen in this place.
 G = Mean time per level.
                   A        B        C        D        E       F      G
               +--------+--------+--------+--------+--------+-----+--------+
         Total |   4723 |   4580 |    143 |   1306 |   2341 |   4 | 1180.8 |
       Dungeon |   4723 |   4580 |    143 |   1306 |   2341 |   4 | 1180.8 |
               +--------+--------+--------+--------+--------+-----+--------+

Top non-repeatable levels by time:
     D:2: 1650 daAuts
     D:4: 1219 daAuts
     D:3: 1023 daAuts
     D:1: 830 daAuts
